 Dungeon Crawl Stone Soup version 0.30-a0-335-ge5acde7520 (webtiles) character file.

Game seed: 5430504013252335797

128387 Lanoc the Cleaver (level 17, -5/134 HPs)
             Began as a Gnoll Wanderer on Oct 30, 2022.
             Was a High Priest of Uskayaw.
             Killed from afar by a swamp worm (7 damage)
             ... with a harpoon shot
             ... called by a spriggan druid
             ... on level 3 of the Swamp.
             The game lasted 00:56:20 (27172 turns).

Lanoc the Cleaver (Gnoll Wanderer)                 Turns: 27172, Time: 00:56:21

Health: -5/134     AC: 26    Str: 20    XL:     17   Next: 3%
Magic:  26/41      EV: 17    Int: 10    God:    Uskayaw [*****.]
Gold:   1723       SH:  0    Dex: 16    Spells: 30/39 levels left

rFire   + . .      SeeInvis .    N - +6 quarterstaff of Tepp {speed, rC++ Str+3}
rCold   + + +      Faith    +    (shield currently unavailable)
rNeg    + + .      Spirit   .    W - +3 ring mail {rC+}
rPois   +          Reflect  .    Z - +0 helmet "Etuhoul" {Rampage rN+}
rElec   .          Harm     .    z - +2 cloak {rPois}
rCorr   .          Rampage  +    T - +0 pair of gloves of Skepticism {Slay+6}
Will    +....                    r - +0 pair of boots "Limmyr" {rF+ rN+ MP+9}
Stlth   ++++......               K - amulet of faith
HPRegen 0.42/turn                h - +4 ring of protection
MPRegen 0.27/turn                x - +4 ring of protection

@: marked, very slightly contaminated, studying Transmutations, unable to drink
A: fangs 1, strong nose, distributed training, wild magic 1, inability to drink
after injury 1, MP-powered wands
a: Renounce Religion, Stomp, Line Pass, Grand Finale


You were on level 3 of the Swamp.
You worshipped Uskayaw.
Uskayaw was pleased with you.
You visited 5 branches of the dungeon, and saw 24 of its levels.
You also visited: Gauntlet and Ice Cave.

You collected 2373 gold pieces.
You spent 650 gold pieces at shops.

Inventory:

Hand Weapons
 w - the +7 mace "Culaynk" {venom, Will+}
   (You found it on level 4 of the Dungeon)

   It poisons the flesh of those it strikes.
   Will:      It increases your willpower.
 N - the +6 quarterstaff of Tepp (weapon) {speed, rC++ Str+3}
   (You found it on level 3 of the Lair of Beasts)

   Attacks with this weapon are significantly faster.
   Str:       It affects your strength (+3).
   rC:        It greatly protects you from cold.
 S - a +4 sling of draining
Missiles
 V - 3 atropa-tipped darts (quivered)
 X - 3 throwing nets
Armour
 b - a +2 buckler
 r - the +0 pair of boots "Limmyr" (worn) {rF+ rN+ MP+9}
   (You bought it in a shop on level 2 of the Orcish Mines)

   rF:        It protects you from fire.
   rN:        It protects you from negative energy.
   MP:        It affects your magic capacity (+9).
 z - a +2 cloak of poison resistance (worn)
 F - the +0 ring mail of the Sun {Str+4 SInv}
   (You took it off a gnoll on level 6 of the Dungeon)

   Str:       It affects your strength (+4).
   SInv:      It lets you see invisible.
 T - the +0 pair of gloves of Skepticism (worn) {Slay+6}
   (You found it in an ice cave)

   Slay:      It affects your accuracy & damage with ranged weapons and melee
   (+6).
 W - a +3 ring mail of cold resistance (worn)
 Z - the +0 helmet "Etuhoul" (worn) {Rampage rN+}
   (You found it in a Gauntlet)

   rN:        It protects you from negative energy.
   Rampage:   It bestows one free step when moving towards enemies.
Jewellery
 h - a +4 ring of protection (left hand)
 x - a +4 ring of protection (right hand)
 K - an amulet of faith (around neck)
 L - a ring of protection from fire
 M - the ring of Qoismo Kabo {rElec rF+}
   (You took it off a minotaur in a Gauntlet)

   [ring of protection from fire]

   rF:        It protects you from fire.
   rElec:     It insulates you from electricity.
Wands
 q - a wand of quicksilver (3)
 G - a wand of mindburst (26)
 H - a wand of flame (40)
 Q - a wand of digging (5)
 U - a wand of iceblast (2)
 Y - a wand of paralysis (4)
Scrolls
 a - 2 scrolls of fear
 c - a scroll of amnesia
 e - 7 scrolls of teleportation
 f - 5 scrolls of blinking
 i - 4 scrolls of immolation
 j - 5 scrolls of enchant armour
 l - 2 scrolls of identify
 m - 9 scrolls of vulnerability
 t - 2 scrolls of brand weapon
 y - a scroll of silence
 A - 4 scrolls of enchant weapon
 C - 4 scrolls of poison
 I - 3 scrolls of butterflies
 J - a scroll of torment
Potions
 d - a potion of heal wounds
 g - 3 potions of mutation
 k - 10 potions of curing
 n - 3 potions of attraction
 o - 5 potions of lignification
 p - a potion of invisibility
 s - 2 potions of brilliance
 u - 2 potions of haste
 v - 4 potions of flight
 B - 3 potions of ambrosia
 O - 2 potions of cancellation
 R - a potion of resistance
Miscellaneous
 E - a condenser vane
 P - a lightning rod (4/4)


   Skills:
 + Level 12.3 Fighting
 + Level 11.5 Short Blades
 + Level 11.5 Long Blades
 + Level 14.1 Axes
 + Level 11.5 Maces & Flails
 + Level 11.5 Polearms
 + Level 11.5 Staves
 + Level 11.5 Ranged Weapons
 + Level 11.8 Throwing
 + Level 11.8 Armour
 + Level 11.5 Dodging
 + Level 11.5 Stealth
 + Level 12.3 Shields
 + Level 11.5 Unarmed Combat
 + Level 11.5 Spellcasting
 + Level 9.7 Conjurations
 + Level 9.7 Hexes
 + Level 9.7 Summonings
 + Level 9.7 Necromancy
 + Level 9.7 Translocations
 + Level 10.6 Transmutations
 + Level 9.7 Fire Magic
 + Level 9.7 Ice Magic
 + Level 9.7 Air Magic
 + Level 9.7 Earth Magic
 + Level 9.7 Poison Magic
 + Level 12.5 Invocations
 + Level 11.5 Evocations


You had 30 spell levels left.
You knew the following spells:

 Your Spells              Type           Power      Damage    Failure   Level
a - Apportation           Tloc           64%        N/A       1%          1
b - Mephitic Cloud        Conj/Pois/Air  32%        N/A       1%          3
c - Fireball              Conj/Fire      16%        3d8       13%         5

Your spell library contained the following spells:

 Spells                   Type           Power      Damage    Failure   Level
 Foxfire                  Conj/Fire      100%       2x1d9     1%          1
 Magic Dart               Conj           100%       1d8       1%          1
 Shock                    Conj/Air       100%       1d9       1%          1
 Call Imp                 Summ           32%        N/A       1%          2
 Ensorcelled Hibernation  Hex/Ice        64%        N/A       1%          2
 Poisonous Vapours        Pois/Air       64%        N/A       1%          2
 Sublimation of Blood     Necr           32%        N/A       1%          2
 Hailstorm                Conj/Ice       32%        3d8       1%          3
 Inner Flame              Hex/Fire       32%        N/A       1%          3
 Ozocubu's Armour         Ice            32%        N/A       1%          3
 Spider Form              Tmut/Pois      34%        N/A       1%          3
 Ice Form                 Ice/Tmut       34%        N/A       4%          4
 Petrify                  Tmut/Erth      34%        N/A       4%          4
 Anguish                  Hex/Necr       16%        N/A       5%          4
 Flame Wave               Conj/Fire      32%        2d9       5%          4
 Sticky Flame             Conj/Fire      32%        2d5       5%          4
 Alistair's Intoxication  Tmut/Pois      22%        N/A       11%         5
 Irradiate                Conj/Tmut      17%        3d17      11%         5
 Agony                    Necr           32%        N/A       13%         5
 Simulacrum               Ice/Necr       16%        N/A       52%         6
 Starburst                Conj/Fire      16%        6d6       52%         6
 Ozocubu's Refrigeration  Ice            16%        4d11      97%         7
 Chain Lightning          Conj/Air       16%        3d21      100%        9


Dungeon Overview and Level Annotations

Branches:
Dungeon (13/15)            Temple (1/1) D:5            Lair (5/5) D:9
  Swamp (3/4) Lair:2       Spider (0/4) Lair:3        Slime (0/5) Lair:5
    Orc (2/2) D:10            Elf (0/3) Orc:2        Vaults (0/5) D:13
  IceCv (visited)         Gauntlet (visited)

Altars:
Ashenzari
Cheibriados
Dithmenos
Elyvilon
Fedhas
Gozag
Hepliaklqana
Kikubaaqudgha
Makhleb
Nemelex Xobeh
Okawaru
Qazlal
Ru
Sif Muna
Trog
Uskayaw
Vehumet
Wu Jian
Xom
Yredelemnul
Zin
The Shining One

Shops:
D:2 (   D:11 *   Orc:2 =*[(

Annotations:
D:12 exclusion: ice statue
Lair:3 2 transporters, exclusion: oklob plant, Wumir's ghost, journeyman SpBr


Innate Abilities, Weirdness & Mutations

You have very sharp teeth.
Your uncanny sense of smell can sniff out nearby items.
Your experience applies equally to all skills.
Your spells are a little harder to cast, but a little more powerful.
You occasionally lose the ability to drink potions when taking damage.
You expend magic power (3 MP) to strengthen your wands.


Message History

The four-headed hydra is severely wounded.
The swamp worm bites you!!
* * * LOW HITPOINT WARNING * * *
You cannot drink potions in your current state!
You bludgeon the four-headed hydra!!
You kill the four-headed hydra!
The swamp worm completely misses you.
You thump the swamp worm!
You kill the swamp worm!
Found a leather armour.
A swamp worm comes into view.
Casting: Fireball (dangerous; 13% risk of failure)
Confirm with . or Enter, or press ? or * to list all spells.
Aiming: Fireball (dangerous; 13% risk of failure)
Press: ? - help, Shift-Dir - straight line, f - swamp worm
Aim: a swamp worm (strong)
The fireball explodes!
The fireball engulfs the swamp worm!
The swamp worm is heavily wounded.
You smell burning wood.
The mangrove smoulders and burns.
The swamp worm fires a harpoon shot at you.
The harpoon shot hits you but does no damage.
Casting: Fireball (dangerous; 13% risk of failure)
Confirm with . or Enter, or press ? or * to list all spells.
Aiming: Fireball (dangerous; 13% risk of failure)
Press: ? - help, Shift-Dir - straight line, f/p - swamp worm
Aim: a swamp worm (heavily wounded, strong)
The fireball explodes!
The fireball engulfs the swamp worm!
The swamp worm is severely wounded.
Casting: Fireball (dangerous; 13% risk of failure)
Confirm with . or Enter, or press ? or * to list all spells.
Aiming: Fireball (dangerous; 13% risk of failure)
Press: ? - help, Shift-Dir - straight line, f/p - swamp worm
Aim: a swamp worm (severely wounded, strong)
You miscast Fireball.
You are very lightly contaminated with residual magic.
Energy rips through your body!
* * * LOW HITPOINT WARNING * * *
The swamp worm fires a harpoon shot at you.
The harpoon shot hits you!
You die...

♣♣♣.♣ ♣♣♣§~.~
♣♣♣§.?..♣ ♣♣♣♣
♣♣.~~....♣♣ $..[
♣~.~..♣§~~♣.~§~~
......~~♣.§≈≈
♣..~~...~≈> ♣).†!♣
♣♣~@§♣ ♣♣♣♣♣ ♣♣~.♣
♣....~~♣♣~w§○§
♣~~~~~~.♣♣w.$§♣♣♣
♣♣♣
~~§~~~~.~./..~~♣
♣.♣♣
♣♣♣[~~~~~..~.).~♣
..~♣
≈≈♣♣♣~~~..~.♣♣.~~♣
~.♣ ≈≈≈≈..~~...^♣
~.~♣
.~♣♣≈≈≈≈≈≈.~~~.[.♣
.~.♣


You could see 2 swamp worms.

Vanquished Creatures
  Rupert (Lair:4)
  2 orc warlords (Orc:2)
  2 eleionomae (Swamp:3)
  A reaper (IceCv)
  A bunyip (Swamp:1)
  A minotaur (Gauntlet)
  Josephine (Lair:3)
  Erolcha (D:10)
  14 hydras
  4 centaur warriors (D:13)
  A catoblepas (Lair:3)
  3 two-headed ogres
  2 boulder beetles
  A two-headed ogre (shapeshifter) (Gauntlet)
  A tengu warrior (D:11)
  6 death yaks
  6 alligators
  5 orc high priests (Orc:2)
  3 spriggan druids
  A goliath frog (Swamp:3)
  A steelbarb worm (shapeshifter) (Gauntlet)
  3 swamp dragons
  A bog body (Swamp:2)
  6 orc knights
  A phantasmal warrior (D:13)
  A lindwurm (Lair:5)
  A wizard (Gauntlet)
  An orc sorcerer (Orc:2)
  An ugly thing (D:12)
  2 will-o-the-wisps
  7 elephants
  2 cyclopes
  6 black mambas
  2 ice statues (IceCv)
  Maurice (Orc:1)
  A gargoyle (D:10)
  11 cane toads
  A torpor snail (Lair:5)
  An unseen horror (D:12)
  3 rime drakes
  An efreet (D:13)
  3 tengu conjurers
  7 komodo dragons
  6 ice devils
  6 polar bears (Lair:5)
  A bloated husk (Swamp:1)
  6 trolls
  5 tyrant leeches
  9 hornets
  Prince Ribbit (D:5)
  16 blink frogs
  A raiju (Gauntlet)
  14 dream sheep
  2 shadows (D:10)
  A jumping spider (shapeshifter) (D:13)
  5 wraiths
  2 vampires
  71 yaks
  18 spriggans
  A wyvern (Lair:3)
  2 steam dragons
  3 basilisks
  16 humans (D:13)
  12 vampire mosquitoes
  13 swamp worms
  4 wargs
  An acid dragon (D:11)
  A hydra simulacrum (IceCv)
  3 harpy simulacra (IceCv)
  12 water moccasins
  26 orc warriors
  A sky beast (D:7)
  7 ice beasts
  2 black bears (D:6)
  A wolf (shapeshifter) (Gauntlet)
  6 ogres
  6 centaurs
  41 wolves
  4 boggarts (Lair:5)
  3 phantoms
  A kobold brigand (D:8)
  18 bullfrogs
  A necrophage (D:5)
  A cane toad simulacrum (IceCv)
  A two-headed ogre simulacrum (IceCv)
  A gnoll sergeant (D:12)
  2 scorpions (D:4)
  18 wights
  A troll zombie (D:10)
  4 elephant simulacra
  2 howler monkeys (D:10)
  A lava snake (D:8)
  4 hounds
  9 orc priests
  2 gnoll boudas
  5 iguanas
  13 orc wizards
  5 hell rats (Lair:3)
  2 polar bear simulacra
  3 spriggan simulacra
  3 troll simulacra
  2 wolf simulacra
  5 ogre zombies (D:10)
  17 gnolls
  6 naga simulacra
  7 adders
  8 river rats (Lair:3)
  2 shadow imps
  2 white imps (Gauntlet)
  7 ufetubi
  4 dart slugs
  48 orcs
  5 ball pythons
  10 endoplasms
  3 giant cockroaches
  9 goblins
  7 hobgoblins
  5 jackals
  3 quokkas
  3 bats
  2 frilled lizards (D:1)
  A goblin skeleton (D:10)
  2 goblin zombies (D:10)
  2 hobgoblin skeletons (D:10)
  2 hobgoblin zombies (D:10)
  12 kobolds
  4 orc skeletons (D:10)
  8 orc zombies (D:10)
  17 rats
  A briar patch (Swamp:2)
751 creatures vanquished.

Vanquished Creatures (others)
  An orc wizard (Orc:1)
  A briar patch (Swamp:2)
  12 foxfires
  31 fungi
  34 plants
79 creatures vanquished.

Grand Total: 830 creatures vanquished

Notes
Turn   | Place    | Note
-------+----------+-------------------------------------------
     0 | D:1      | Lanoc the Gnoll Wanderer began the quest for the Orb.
     0 | D:1      | Lanoc set off with the following items: a +0 hand axe, a +2
                  | buckler, a +0 scale mail, a potion of heal wounds.
     0 | D:1      | Reached XP level 1. HP: 20/20 MP: 1/1
   100 | D:1      | Reached XP level 2. HP: 26/26 MP: 2/2
   564 | D:1      | Reached XP level 3. HP: 28/31 MP: 3/3
  1093 | D:2      | Reached skill level 1 in Invocations
  1126 | D:2      | Reached skill level 1 in Short Blades
  1126 | D:2      | Reached skill level 1 in Long Blades
  1126 | D:2      | Reached skill level 1 in Maces & Flails
  1126 | D:2      | Reached skill level 1 in Polearms
  1126 | D:2      | Reached skill level 1 in Staves
  1126 | D:2      | Reached skill level 1 in Ranged Weapons
  1126 | D:2      | Reached skill level 1 in Dodging
  1126 | D:2      | Reached skill level 1 in Stealth
  1126 | D:2      | Reached skill level 1 in Unarmed Combat
  1126 | D:2      | Reached skill level 1 in Spellcasting
  1126 | D:2      | Reached skill level 1 in Evocations
  1177 | D:2      | Reached XP level 4. HP: 26/38 MP: 5/5
  1382 | D:2      | Found Jogenwug's Weapon Emporium.
  1905 | D:3      | Reached skill level 1 in Conjurations
  1905 | D:3      | Reached skill level 1 in Hexes
  1905 | D:3      | Reached skill level 1 in Summonings
  1905 | D:3      | Reached skill level 1 in Necromancy
  1905 | D:3      | Reached skill level 1 in Translocations
  1905 | D:3      | Reached skill level 1 in Transmutations
  1905 | D:3      | Reached skill level 1 in Fire Magic
  1905 | D:3      | Reached skill level 1 in Ice Magic
  1905 | D:3      | Reached skill level 1 in Air Magic
  1905 | D:3      | Reached skill level 1 in Earth Magic
  1905 | D:3      | Reached skill level 1 in Poison Magic
  2127 | D:3      | Found a white marble altar of Elyvilon.
  2952 | D:4      | Reached XP level 5. HP: 32/43 MP: 7/7
  3052 | D:4      | Found a blossoming altar of Fedhas.
  3152 | D:4      | Reached XP level 6. HP: 22/47 MP: 8/8
  3827 | D:4      | Reached skill level 5 in Fighting
  3827 | D:4      | Reached skill level 5 in Shields
  4327 | D:4      | Reached XP level 7. HP: 55/56 MP: 10/10
  4340 | D:4      | Identified the +7 mace "Culaynk" {venom, Will+}
  4400 | D:5      | Entered Level 5 of the Dungeon
  4416 | D:5      | Noticed Prince Ribbit
  4428 | D:5      | Killed Prince Ribbit
  4429 | D:5      | Reached skill level 9 in Axes
  4963 | D:5      | Reached XP level 8. HP: 63/63 MP: 12/12
  5119 | D:5      | Found a staircase to the Ecumenical Temple.
  5130 | Temple   | Entered the Ecumenical Temple
  5311 | Temple   | Became a worshipper of Uskayaw the Reveller
  5480 | D:6      | Reached * piety under Uskayaw
  5484 | D:6      | Reached ** piety under Uskayaw
  5490 | D:6      | Reached *** piety under Uskayaw
  5503 | D:6      | Learned a level 1 spell: Apportation
  5536 | D:6      | Identified the +0 ring mail of the Sun {Str+4 SInv}
  5749 | D:6      | Reached **** piety under Uskayaw
  6279 | D:7      | Reached XP level 9. HP: 59/69 MP: 14/14
  6654 | D:7      | Reached skill level 5 in Throwing
  6654 | D:7      | Reached skill level 5 in Armour
  7256 | D:8      | Reached ***** piety under Uskayaw
  7262 | D:8      | Reached ****** piety under Uskayaw
  7380 | D:8      | Reached skill level 5 in Invocations
  7488 | D:8      | Reached skill level 5 in Short Blades
  7488 | D:8      | Reached skill level 5 in Long Blades
  7488 | D:8      | Reached skill level 5 in Maces & Flails
  7488 | D:8      | Reached skill level 5 in Polearms
  7488 | D:8      | Reached skill level 5 in Staves
  7488 | D:8      | Reached skill level 5 in Ranged Weapons
  7488 | D:8      | Reached skill level 5 in Dodging
  7488 | D:8      | Reached skill level 5 in Stealth
  7488 | D:8      | Reached skill level 5 in Unarmed Combat
  7488 | D:8      | Reached skill level 5 in Spellcasting
  7488 | D:8      | Reached skill level 5 in Evocations
  7488 | D:8      | Reached XP level 10. HP: 19/77 MP: 15/17
  7497 | D:8      | Reached skill level 10 in Axes
  7748 | D:8      | Found an ornate altar of the Wu Jian Council.
  7870 | D:8      | Found an opulent altar of Gozag.
  8344 | D:9      | Noticed a two-headed ogre
  8350 | D:9      | Killed a two-headed ogre
  8940 | D:9      | Found a staircase to the Lair.
  9012 | D:9      | Reached skill level 5 in Conjurations
  9012 | D:9      | Reached skill level 5 in Hexes
  9012 | D:9      | Reached skill level 5 in Summonings
  9012 | D:9      | Reached skill level 5 in Necromancy
  9012 | D:9      | Reached skill level 5 in Translocations
  9012 | D:9      | Reached skill level 5 in Transmutations
  9012 | D:9      | Reached skill level 5 in Fire Magic
  9012 | D:9      | Reached skill level 5 in Ice Magic
  9012 | D:9      | Reached skill level 5 in Air Magic
  9012 | D:9      | Reached skill level 5 in Earth Magic
  9012 | D:9      | Reached skill level 5 in Poison Magic
  9016 | D:9      | Reached XP level 11. HP: 19/85 MP: 20/20
  9354 | D:9      | Found a glowing golden altar of the Shining One.
  9370 | D:9      | Found an iron altar of Okawaru.
  9502 | D:10     | Entered Level 10 of the Dungeon
  9573 | D:10     | Found a staircase to the Orcish Mines.
  9737 | D:10     | Noticed Erolcha
  9747 | D:10     | Killed Erolcha
 10488 | D:11     | Noticed a tengu warrior
 10747 | D:11     | Gained mutation: Your spells are a little harder to cast,
                  | but a little more powerful. [potion of mutation]
 10747 | D:11     | Gained mutation: You occasionally lose the ability to drink
                  | potions when taking damage. [potion of mutation]
 10747 | D:11     | Gained mutation: You expend magic power (3 MP) to
                  | strengthen your wands. [potion of mutation]
 10748 | D:11     | Reached skill level 11 in Axes
 10748 | D:11     | Reached XP level 12. HP: 52/94 MP: 20/23
 10750 | D:11     | Killed a tengu warrior
 11147 | D:11     | Found Min Yrae's General Store.
 11155 | D:11     | Bought a potion of might for 60 gold pieces
 11155 | D:11     | Bought a potion of curing for 45 gold pieces
 11155 | D:11     | Bought a scroll of teleportation for 45 gold pieces
 11293 | D:11     | Learned a level 3 spell: Mephitic Cloud
 11986 | D:12     | Noticed a two-headed ogre
 12006 | D:12     | Killed a two-headed ogre
 12140 | D:12     | Reached XP level 13. HP: 32/101 MP: 24/24
 12472 | D:12     | Reached XP level 14. HP: 109/109 MP: 24/26
 12575 | D:12     | Reached skill level 12 in Axes
 12898 | D:13     | Reached skill level 10 in Fighting
 12898 | D:13     | Reached skill level 10 in Shields
 13195 | D:13     | Found a gate to the Vaults.
 13745 | Lair:1   | Entered Level 1 of the Lair of Beasts
 13842 | Lair:1   | Reached skill level 10 in Invocations
 14358 | Lair:1   | Got the Papyrus of Battle Magic
 16302 | Lair:2   | Found a staircase to the Swamp.
 16502 | Lair:3   | Reached skill level 10 in Throwing
 16502 | Lair:3   | Reached skill level 10 in Armour
 16637 | Lair:2   | HP: 5/111 [poisoned by a black mamba]
 16960 | Lair:3   | Found a burning altar of Makhleb.
 16989 | Lair:3   | Reached XP level 15. HP: 113/117 MP: 28/28
 17021 | Lair:3   | Found a transporter.
 17144 | Lair:3   | Found a transporter.
 17160 | Lair:3   | Found a bloodstained altar of Trog.
 17160 | Lair:3   | Noticed Wumir's ghost (journeyman SpBr)
 17224 | Lair:3   | Identified the +6 quarterstaff of Tepp {speed, rC++ Str+3}
 17397 | Lair:3   | Noticed Josephine
 17411 | Lair:3   | Killed Josephine
 17728 | Lair:3   | Found a hole to the Spider Nest.
 18464 | Lair:4   | Noticed Rupert
 18490 | Lair:4   | Reached skill level 10 in Short Blades
 18490 | Lair:4   | Reached skill level 10 in Long Blades
 18490 | Lair:4   | Reached skill level 10 in Maces & Flails
 18490 | Lair:4   | Reached skill level 10 in Polearms
 18490 | Lair:4   | Reached skill level 10 in Staves
 18490 | Lair:4   | Reached skill level 10 in Ranged Weapons
 18490 | Lair:4   | Reached skill level 10 in Dodging
 18490 | Lair:4   | Reached skill level 10 in Stealth
 18490 | Lair:4   | Reached skill level 10 in Unarmed Combat
 18490 | Lair:4   | Reached skill level 10 in Spellcasting
 18490 | Lair:4   | Reached skill level 10 in Evocations
 18509 | Lair:4   | Killed Rupert
 18510 | Lair:4   | Reached skill level 13 in Axes
 19880 | Lair:5   | Entered Level 5 of the Lair of Beasts
 19881 | Lair:5   | Found a gate leading to a gauntlet.
 19901 | Gauntlet | Entered a Gauntlet
 19901 | Gauntlet | Found a transporter.
 19901 | Gauntlet | Found a transporter.
 19901 | Gauntlet | Found a transporter.
 20010 | Gauntlet | Found a transporter.
 20014 | Gauntlet | Found a transporter.
 20024 | Gauntlet | Found a transporter.
 20045 | Gauntlet | Found a transporter.
 20061 | Gauntlet | Found a transporter.
 20103 | Gauntlet | Found a transporter.
 20122 | Gauntlet | Found a transporter.
 20128 | Gauntlet | Found a transporter.
 20146 | Gauntlet | Found a transporter.
 20236 | Gauntlet | Identified the +0 helmet "Etuhoul" {Rampage rN+}
 20541 | Gauntlet | Identified the ring of Qoismo Kabo {rElec rF+}
 20562 | Gauntlet | Identified the +0 chain mail of the Doldrums {rElec rPois
                  | Str-4}
 20563 | Gauntlet | Got the Spellbook of the Fetid Dead
 21802 | Lair:5   | Reached XP level 16. HP: 126/126 MP: 30/30
 21863 | Lair:5   | Learned a level 5 spell: Fireball
 22166 | Lair:5   | Found a staircase to the Slime Pits.
 22721 | Orc:1    | Entered Level 1 of the Orcish Mines
 22922 | Orc:2    | Entered Level 2 of the Orcish Mines
 22929 | Orc:2    | Found a frozen archway.
 22955 | Orc:2    | Found Kosats's Antique Weapon Boutique.
 23130 | IceCv    | Entered an ice cave
 23281 | IceCv    | Identified the +0 pair of gloves of Skepticism {Slay+6}
 23542 | Orc:2    | Found a staircase to the Elven Halls.
 23553 | Orc:2    | Found Byop's Antique Armour Shop.
 23594 | Orc:2    | Bought a pair of masterwork boots for 370 gold pieces
 23594 | Orc:2    | Identified the +0 pair of boots "Limmyr" {rF+ rN+ MP+9}
                  | (You bought it in a shop on level 2 of the Orcish Mines)
 23736 | Orc:2    | Found Atedob Pyps's General Store.
 24009 | Orc:2    | Bought a potion of haste for 100 gold pieces
 24009 | Orc:2    | Bought a scroll of teleportation for 30 gold pieces
 24025 | Orc:2    | Found Ynoupt's Jewellery Boutique.
 24740 | Orc:1    | Noticed Maurice
 24929 | Orc:2    | Reached skill level 10 in Transmutations
 24989 | Orc:1    | Killed Maurice
 25227 | Swamp:1  | Entered Level 1 of the Swamp
 25974 | Swamp:2  | Noticed a thorn hunter
 26817 | Swamp:3  | Reached skill level 14 in Axes
 27154 | Swamp:3  | Reached XP level 17. HP: 122/134 MP: 32/32
 27172 | Swamp:3  | HP: 2/134 [something (12)]
 27172 | Swamp:3  | Killed from afar by a swamp worm

Illustrated notes

Levels and vault maps discovered:
D:1:      noname_arrival_rooms_in_the_neighbourhood, layout_basic,
          minmay_misc_feat_iff, serial_bayou_pond_b, interstate_on_off,
          minmay_misc_feat_hallway, grunt_decor_fettered,
          nicolae_kite_square_tiling_tiny, feat_on_display
D:2:      layout_basic, serial_shops, nicolae_shop_statue_plus,
          minmay_rat_gold_closets
D:3:      layout_loops_corners, lemuel_round_altar, grunt_ministairs_11
D:4:      minmay_clustersquares, layout_cave_pods, mainiacjoe_overflow_24_doors,
          serial_forest, infiniplex_forest_end_double,
          infiniplex_forest_clump_curved, infiniplex_forest_end_1,
          infiniplex_forest_straight_2, infiniplex_forest_clump_medium,
          infiniplex_forest_lined_3_way, infiniplex_forest_straight_3,
          infiniplex_forest_straight_3, infiniplex_forest_straight_2
D:5:      layout_loops_cross, minmay_temple_entry_gardened_gates,
          uniq_prince_ribbit1
D:6:      layout_loops_ring, nicolae_grassy_gnolls
D:7:      layout_loops_ring
D:8:      nicolae_cairo_tiling, layout_basic, mainiacjoe_overflow_catch_the_wave
D:9:      layout_roguey, general_overflow_altar, pf_just_have_faith,
          hellmonk_lair_entry_icy, special_room [special_room_orc]
D:10:     layout_loops_ring, zombieorc1_lemuel, uniq_erolcha
D:11:     layout_irregular_city, serial_shops, shop
D:12:     lemuel_ice_statue, layout_basic, hellmonk_guarded_unrand_gong
D:13:     layout_long_grid, david_vaults_3
Temple:   nicolae_temple_bog_church
Lair:1:   layout_regular_city
Lair:2:   hellmonk_destroyed_diamonds, layout_gridlike,
          palyth_hydra_swamp_entry, lemuel_fruit_tree
Lair:3:   layout_big_grid, spider_nest_entry_web_field, basic_altar,
          gammafunk_ghost_wrathful_warriors, kennysheep_abandoned_house,
          uniq_josephine
Lair:4:   layout_gridlike, uniq_rupert
Lair:5:   minmay_lair_end_enchanted_forest, layout_regular_city, slime_entry_1,
          gauntlet_entry_generic, nicolae_lair_lindhole
Swamp:1:  layout_falls_marsh, evilmike_swamp_ruin_house_5
Swamp:2:  layout_basic_swamp, evilmike_swamp_ruin_house_4,
          infiniplex_staircase_pool_2
Swamp:3:  nicolae_swamp_long_stream, layout_basic_swamp,
          nicolae_swamp_ascending_descending, swamp_pool1,
          nicolae_swamp_dense_foliage
Orc:1:    layout_diamond_mine, uniq_maurice
Orc:2:    grunt_orc_gardens, layout_diamond_mine, grunt_orc_garden,
          grunt_orc_garden, grunt_orc_garden, grunt_orc_garden,
          portal_ice_cave_entry_ice_simulacra

Skill      XL: |  1  2  3  4  5  6  7  8  9 10 11 12 13 14 15 16 |
---------------+-------------------------------------------------+-----
Invocations    | 1 2 3 4 5 6 8 9 10 11 12 | 12.5
Short Blades   | 1 2 3 5 6 7 8 9 10 11 | 11.5
Long Blades    | 1 2 3 5 6 7 8 9 10 11 | 11.5
Maces & Flails | 1 2 3 5 6 7 8 9 10 11 | 11.5
Polearms       | 1 2 3 5 6 7 8 9 10 11 | 11.5
Staves         | 1 2 3 5 6 7 8 9 10 11 | 11.5
Ranged Weapons | 1 2 3 5 6 7 8 9 10 11 | 11.5
Dodging        | 1 2 3 5 6 7 8 9 10 11 | 11.5
Stealth        | 1 2 3 5 6 7 8 9 10 11 | 11.5
Unarmed Combat | 1 2 3 5 6 7 8 9 10 11 | 11.5
Spellcasting   | 1 2 3 5 6 7 8 9 10 11 | 11.5
Evocations     | 1 2 3 5 6 7 8 9 10 11 | 11.5
Conjurations   | 1 2 3 4 5 6 7 8 9 |  9.7
Hexes          | 1 2 3 4 5 6 7 8 9 |  9.7
Summonings     | 1 2 3 4 5 6 7 8 9 |  9.7
Necromancy     | 1 2 3 4 5 6 7 8 9 |  9.7
Translocations | 1 2 3 4 5 6 7 8 9 |  9.7
Transmutations | 1 2 3 4 5 6 7 8 9 10 | 10.6
Fire Magic     | 1 2 3 4 5 6 7 8 9 |  9.7
Ice Magic      | 1 2 3 4 5 6 7 8 9 |  9.7
Air Magic      | 1 2 3 4 5 6 7 8 9 |  9.7
Earth Magic    | 1 2 3 4 5 6 7 8 9 |  9.7
Poison Magic   | 1 2 3 4 5 6 7 8 9 |  9.7
Throwing       | 3 4 5 6 7 8 10 11 | 11.8
Armour         | 3 4 5 6 7 8 10 11 | 11.8
Fighting       | 5 6 7 8 9 10 11 12 | 12.3
Shields        | 5 6 7 8 9 10 11 12 | 12.3
Axes           | 9 10 11 12 13 14 | 14.1

Action                   |  1- 3 |  4- 6 |  7- 9 | 10-12 | 13-15 | 16-18 || total
-------------------------+-------+-------+-------+-------+-------+-------++-------
Melee: Hand axe          |    92 |   259 |     3 |       |       |       ||   354
       Bite              |    10 |    28 |    34 |    56 |   160 |   112 ||   400
       Mace              |       |       |   188 |   447 |   490 |       ||  1125
       Quarterstaff      |       |       |       |       |   559 |   660 ||  1219
Throw: Dart              |       |       |       |       |     5 |       ||     5
 Cast: Mephitic Cloud    |       |       |       |     2 |       |       ||     2
       Fireball          |       |       |       |       |       |    34 ||    34
Invok: Grand Finale      |       |       |       |     1 |     2 |     2 ||     5
Evoke: Wand              |       |     2 |     2 |     6 |    28 |     1 ||    39
       Lightning rod     |       |       |       |     6 |     8 |     4 ||    18
       Condenser vane    |       |       |       |       |       |     1 ||     1
  Use: Potion            |       |       |       |     7 |     4 |       ||    11
       Scroll            |       |       |       |     1 |    26 |     6 ||    33
 Stab: Paralysed         |       |       |    12 |    37 |   112 |    82 ||   243
       Sleeping          |       |       |     3 |     3 |    16 |     5 ||    27
       Invisible         |       |       |       |       |     2 |       ||     2
       Petrified         |       |       |       |       |     2 |       ||     2
       Distracted        |       |       |       |       |       |     3 ||     3
Armor: Scale mail        |    26 |    70 |    20 |       |       |       ||   116
       Ring mail         |       |       |    71 |   233 |   395 |   222 ||   921
Dodge: Dodged            |    27 |    70 |    99 |   300 |   646 |   341 ||  1483
Block: Buckler           |    21 |    51 |    85 |   216 |   219 |       ||   592

Table legend: (Time is in decaauts)
 A = Elapsed time spent in this place.
 B = Non-inter-level travel time spent in this place.
 C = Inter-level travel time spent in this place.
 D = Time resting spent in this place.
 E = Time spent auto-exploring this place.
 F = Levels seen in this place.
 G = Mean time per level.
                   A        B        C        D        E       F      G
               +--------+--------+--------+--------+--------+-----+--------+
         Total |  26758 |  25604 |   1154 |   1043 |  19678 |  26 | 1029.2 |
       Dungeon |  13759 |  13189 |    570 |    177 |  10721 |  13 | 1058.4 |
        Temple |    204 |    167 |     37 |      0 |    152 |   1 |  204.0 |
          Lair |   7978 |   7630 |    348 |    278 |   5849 |   5 | 1595.6 |
         Swamp |   1928 |   1861 |     67 |    143 |   1438 |   3 |  642.7 |
  Orcish Mines |   1869 |   1739 |    130 |    241 |   1152 |   2 |  934.5 |
      Ice Cave |    329 |    329 |      0 |      0 |    117 |   1 |  329.0 |
      Gauntlet |    690 |    690 |      0 |    204 |    247 |   1 |  690.0 |
               +--------+--------+--------+--------+--------+-----+--------+

Top non-repeatable levels by time:
  Lair:5: 1826 daAuts
  Lair:2: 1667 daAuts
     D:4: 1592 daAuts
  Lair:1: 1534 daAuts
  Lair:4: 1498 daAuts
  Lair:3: 1451 daAuts
     D:9: 1443 daAuts
    D:12: 1314 daAuts
   Orc:2: 1198 daAuts
    D:11: 1140 daAuts
     D:8: 1109 daAuts
    D:10: 1043 daAuts
     D:1: 997 daAuts
     D:3: 893 daAuts
     D:2: 885 daAuts
